 Dungeon Crawl Stone Soup version 0.24.0-1-gfbc8707122 (webtiles) character file.

Game seed: 1667073067094310822, levelgen mode: deterministic

90 Curus the Cudgeler (level 4, -1/39 HPs)
             Began as a Minotaur Fighter on Oct 28, 2019.
             Killed from afar by an orc wizard (5 damage)
             ... with a magic dart
             ... on level 2 of the Dungeon.
             The game lasted 00:02:48 (1021 turns).

Curus the Cudgeler (Minotaur Fighter)               Turns: 1021, Time: 00:02:48

Health: -1/39      AC:  6    Str: 26    XL:     4   Next: 32%
Magic:  3/3        EV:  7    Int: 11    God:
Gold:   65         SH:  9    Dex:  9    Spells: 3/3 levels left

rFire    . . .     SeeInvis .   a - +0 flail
rCold    . . .     Gourm    .   c - +0 shield
rNeg     . . .     Faith    .   b - +0 scale mail
rPois    .         Spirit   .   (helmet restricted)
rElec    .         Reflect  .   (no cloak)
rCorr    .         Harm     .   (no gloves)
MR       .....                  (no boots)
Stlth    ..........             (no amulet)
HPRegen  0.13/turn              g - +5 ring of intelligence (curse)
MPRegen  0.08/turn              (no ring)

@: mighty, slowed, very slow
A: retaliatory headbutt, horns 2
a: no special abilities


You were on level 2 of the Dungeon.
You were not hungry.

You visited 1 branch of the dungeon, and saw 2 of its levels.

You collected 65 gold pieces.

Inventory:

Hand Weapons
 a - a +0 flail (weapon)
Armour
 b - a +0 scale mail (worn)
 c - a +0 shield (worn)
Jewellery
 g - a cursed +5 ring of intelligence (left hand)
Potions
 e - a potion of curing
Comestibles
 f - 2 rations


   Skills:
 - Level 3.6 Fighting
 + Level 5.6 Maces & Flails
 - Level 3.6 Armour
 - Level 3.6 Shields


You had 3 spell levels left.
You didn't know any spells.
Your spell library was empty.

Dungeon Overview and Level Annotations

Branches:
Dungeon (2/15)

Altars:


Innate Abilities, Weirdness & Mutations

You reflexively headbutt those who attack you in melee.
You have a pair of horns on your head.


Message History

You feel yourself slow down.
You hear some strange, mumbled words.
You barely miss something. You block something's attack.
The orc wizard hits you with a +0 dagger.
You block something's attack. The orc hits you with a +0 flail.
The orc wizard hits you with a +0 dagger.
You barely miss something. Your headbutt misses something.
You hear some strange, mumbled words.
A puff of frost appears from out of thin air!
The puff of frost hits you!
* * * LOW HITPOINT WARNING * * *
The orc wizard casts a spell at you.
The magic dart hits you but does no damage.
Something completely misses you. The orc hits you with a +0 flail.
* * * LOW HITPOINT WARNING * * *
You feel very mighty all of a sudden.
You hear some strange, mumbled words.
A magic dart appears from out of thin air!
The magic dart hits you.
You die...

#..#+# #.#..#.#
#.#(.#.#####.
#.#.......... #########
#.#..#.######
........####.#.##....#
...........#.#.##....#
#######o##.#.#.##....###
......{@).).............
#######o##.#.#.##.......
#.##.#.#..........
#.##.#.####.......
#.##.#.# #.......
#.##.#.# #.......
#.##.#.# #.......
#.##.#)# #.......


You could see an orc wizard and an orc.

Vanquished Creatures
  An orc priest (D:2)
  An orc wizard (D:2)
  An adder (D:2)
  3 leopard geckos
  3 orcs (D:2)
  3 goblins (D:1)
  3 hobgoblins (D:1)
  3 bats
  A frilled lizard (D:1)
  4 rats
23 creatures vanquished.

Notes
Turn   | Place    | Note
-------+----------+-------------------------------------------
     0 | D:1      | Curus the Minotaur Fighter began the quest for the Orb.
     0 | D:1      | Reached XP level 1. HP: 19/19 MP: 0/0
    82 | D:1      | Reached skill level 3 in Maces & Flails
   271 | D:1      | Reached XP level 2. HP: 26/26 MP: 1/1
   642 | D:2      | Reached skill level 4 in Maces & Flails
   647 | D:2      | Reached XP level 3. HP: 12/31 MP: 2/2
   795 | D:2      | Reached skill level 5 in Maces & Flails
  1015 | D:2      | Reached XP level 4. HP: 25/39 MP: 3/3
  1021 | D:2      | Killed from afar by an orc wizard

Levels and vault maps discovered:
D:1:      dpeg_arrival_rooms_with_view, layout_loops_ring
D:2:      layout_basic, minmay_tall_x

Skill      XL: |  1  2  3 |
---------------+----------+-----
Maces & Flails | 3 4 5 |  5.6
Fighting       | |  3.6
Armour         | |  3.6
Shields        | |  3.6

Action                   |  1- 3 |  4- 6 || total
-------------------------+-------+-------++-------
Melee: Flail             |    67 |     5 ||    72
       Headbutt          |    11 |       ||    11
  Use: Potion            |     3 |     1 ||     4
       Scroll            |     1 |       ||     1
Armor: Scale mail        |    18 |     1 ||    19
Dodge: Dodged            |    18 |     1 ||    19
Block: Shield            |    30 |     2 ||    32
